 Dungeon Crawl Stone Soup version 0.28.0-53-g5a82cb258f (webtiles) character file.

Game seed: 7212775938219253126

8590 moldycheese5 the Spear-Bearer (level 11, -7/83 HPs)
             Began as a Demonspawn Abyssal Knight on June 17, 2022.
             Was a Priest of Lugonu.
             Mangled by a yak (10 damage)
             ... on level 9 of the Dungeon.
             The game lasted 00:18:38 (10387 turns).

moldycheese5 the Spear-Bearer (DsAK)               Turns: 10387, Time: 00:18:38

Health: -7/83      AC: 14    Str: 24    XL:     11   Next: 11%
Magic:  6/13       EV: 11    Int: 11    God:    Lugonu [***...]
Gold:   446        SH: 13    Dex: 14    Spells: 10/10 levels left

rFire   + . .      SeeInvis .   r - +7 spear "Koomo" {venom, rF+}
rCold   + . .      Faith    .   c - +0 buckler
rNeg    + . .      Spirit   .   F - +0 pearl dragon scales of Untold Secrets {rC+ rN+}
rPois   .          Reflect  .   (helmet restricted)
rElec   .          Harm     .   (no cloak)
rCorr   .          Rampage  .   I - +0 pair of gloves
Will    .....                   (no boots)
Stlth   ..........              s - amulet of the acrobat
HPRegen 0.23/turn               l - +4 ring of slaying
MPRegen 0.13/turn               t - +6 ring of strength

@: no status effects
A: horns 1, large bone plates 3, demonic guardian 1, ignite blood 1
a: Renounce Religion, Depart the Abyss, Bend Space, Banish


You were on level 9 of the Dungeon.
You worshipped Lugonu.
Lugonu was most pleased with you.
You visited 1 branch of the dungeon, and saw 9 of its levels.
You visited the Abyss 2 times.

You collected 446 gold pieces.

Inventory:

Hand Weapons
 a - a +1 falchion
 h - a +1 vampiric short sword
 r - the +7 spear "Koomo" (weapon) {venom, rF+}
   (You found it on level 4 of the Dungeon)

   It poisons the flesh of those it strikes.
   rF:        It protects you from fire.
Missiles
 H - a throwing net
Armour
 b - a +0 leather armour
 c - a +0 buckler (worn)
 m - a +0 scale mail
 C - the +4 robe of Augmentation {Str+4 Int+4 Dex+4}
   (You found it on level 7 of the Dungeon)

   Str:       It affects your strength (+4).
   Int:       It affects your intelligence (+4).
   Dex:       It affects your dexterity (+4).
 F - the +0 pearl dragon scales of Untold Secrets (worn) {rC+ rN+}
   (You took it off a crimson imp on level 7 of the Dungeon)

   rC:        It protects you from cold.
   rN:        It protects you from negative energy.
 I - a +0 pair of gloves (worn)
Jewellery
 l - a +4 ring of slaying (left hand)
 s - an amulet of the acrobat (around neck)
 t - a +6 ring of strength (right hand)
 E - a ring of poison resistance
Wands
 p - a wand of acid (7)
 u - a wand of flame (27)
 y - a wand of iceblast (9)
Scrolls
 d - 2 scrolls of silence {unknown}
 e - a scroll of amnesia {unknown}
 f - a scroll of noise
 g - 2 scrolls of vulnerability
 i - 2 scrolls of summoning {unknown}
 j - 6 scrolls of teleportation {unknown}
 n - a scroll of holy word {unknown}
 w - 2 scrolls of magic mapping {unknown}
 x - a scroll of immolation {unknown}
 A - a scroll of torment {unknown}
 D - a scroll of enchant armour {unknown}
 G - a scroll of fog {unknown}
Potions
 k - 3 potions of curing
 o - a potion of ambrosia {unknown}
 q - a potion of invisibility {unknown}
 v - a potion of mutation
 z - a potion of might {unknown}
 B - a potion of brilliance {unknown}
 J - a potion of attraction {unknown}


   Skills:
 + Level 6.7 Fighting
 + Level 3.9(4.3) Short Blades
 + Level 2.4(3.5) Long Blades
 + Level 8.3 Polearms
 + Level 8.0 Armour
 + Level 4.8 Dodging
 + Level 2.3 Stealth
 + Level 6.3 Shields
 + Level 2.7 Invocations


You had 10 spell levels left.
You didn't know any spells.
Your spell library contained the following spells:

 Spells                   Type           Power      Damage    Failure   Level
 Beastly Appendage        Tmut           0%         N/A       75%         1
 Ensorcelled Hibernation  Hex/Ice        0%         N/A       87%         2
 Static Discharge         Conj/Air       0%         N/A       87%         2
 Wereblood                Tmut           0%         N/A       87%         2
 Spider Form              Tmut/Pois      0%         N/A       98%         3
 Anguish                  Hex/Necr       0%         N/A       100%        4
 Animate Dead             Necr           0%         N/A       100%        4
 Lightning Bolt           Conj/Air       0%         1d11      100%        5
 Haunt                    Necr/Summ      0%         N/A       100%        7
 Infestation              Necr           0%         N/A       100%        8
 Maxwell's Capacitive Co  Air            0%         ∞         100%        8


Dungeon Overview and Level Annotations

Branches:
Dungeon (9/15)             Temple (0/1) D:4
   Lair: D:8-11         Orc: D:9-12

Altars:
Dithmenos
Fedhas
Qazlal
Sif Muna
Uskayaw
Vehumet
Wu Jian
Zin
The Shining One

Shops:
D:1 :   D:7 [

Annotations:
D:8 exclusion: statue
D:9 corrupted


Innate Abilities, Weirdness & Mutations

You have a pair of small horns on your head.
You are completely covered in large bone plates. (SH +8)
A weak demonic guardian rushes to your aid.
Your demonic aura sometimes causes spilled blood to erupt in flames.


Message History

Gastronok chants a spell, wobbling all the while.
Gastronok puts on a burst of speed!
The yak closely misses you.
You hit Gastronok but do no damage.
Gastronok looks as sick as possible!
Gastronok is almost dead.
The yak gores you but does no damage. You block the yak's attack.
The yak completely misses you.
Your white imp hits Gastronok.
Your white imp freezes Gastronok.
The yak gores you but does no damage.
You catch the helpless Gastronok completely off-guard!
You puncture Gastronok!
Gastronok looks as sick as possible!
You headbutt Gastronok.
Gastronok is almost dead.
The yak gores you! The yak gores you but does no damage.
You block the yak's attack.
You hit Gastronok.
Gastronok is almost dead.
Your white imp hits Gastronok but does no damage.
The yak barely misses you. You block the yak's attack.
Gastronok gurgles, "I'll eat you, I will!"
Gastronok bites you.
* * * LOW HITPOINT WARNING * * *
You block the yak's attack.
You completely miss Gastronok.
Gastronok is almost dead.
You kill Gastronok!
Lugonu accepts your kill. The yak closely misses you.
You block the yak's attack.
Your Armour skill increases to level 8!
You have reached level 11!
You closely miss the yak. The yak gores you!
* * * LOW HITPOINT WARNING * * *
A demonic guardian appears!
You block the yak's attack. The yak gores you!
* * * LOW HITPOINT WARNING * * *
The yak closely misses you. You block the yak's attack. x3
Your white imp closely misses the yak.
Activating: Corrupt (61% risk of failure)
Press: ? - help, Dir - look around, f - activate Lugonu's Hand of Corruption reaches out!
You can no longer corrupt the fabric of space.
The yak gores you!
You die...

≈#### ..... .. .......
..... .###.###........
..... ...#.#..#...#....
..... ......h..5.......
##... #...33G...........
.#.. ..#..5YYY..........
.+.# .##..ZY#Y..#.......
.#.# ....R.Y@YY..PP.....
.#.# ..4.x.5YY##.#.#...
##.# 4......##Y#P....#
...# .4#v..#.........#
...#########.#.#.........#
...........X.#.#.........#
..............†....#######
........[...............
....§§............8.....


You could see 10 yaks, a neutral spatial maelstrom (summoned), a neutral
rakshasa (summoned), a neutral glowing orange brain (summoned), a neutral
thrashing horror (summoned), a neutral hellwing (summoned), a neutral sixfirhy
(summoned), a neutral smoke demon (summoned), a neutral raiju (summoned), 2
neutral chaos spawn, a neutral small abomination (summoned), a neutral iron imp
(summoned), a neutral juggernaut simulacrum (summoned), a friendly iron imp
(summoned) and a friendly white imp (summoned).

Vanquished Creatures
  Gastronok (D:9)
  4 two-headed ogres
  Joseph (D:8)
  Psyche (D:8)
  Prince Ribbit (D:9)
  A shadow (D:9)
  3 yaks (D:6)
  2 water moccasins
  2 orc warriors
  2 black bears (D:6)
  A sky beast (D:5)
  An ice beast (D:8)
  3 necrophages
  5 ogres
  5 centaurs
  A kobold brigand (D:9)
  4 bullfrogs
  3 scorpions
  4 wights (D:8)
  3 howler monkeys
  4 crimson imps (D:7)
  A bullfrog zombie (D:5)
  2 jellies
  4 centaur zombies
  A bullfrog skeleton (D:6)
  4 hounds
  3 gnoll shamans
  A centaur skeleton (D:5)
  Crazy Yiuf (D:4)
  Natasha (thrice) (D:3)
  5 iguanas
  An orc wizard (D:8)
  A howler monkey zombie (D:7)
  21 gnolls
  5 adders
  2 shadow imps
  4 white imps
  An ufetubus (D:6)
  An adder skeleton (D:4)
  3 dart slugs
  2 worms (D:3)
  26 orcs
  4 bats
  3 endoplasms
  A giant cockroach (D:1)
  9 goblins
  6 hobgoblins
  9 jackals
  5 quokkas
  A ball python (D:1)
  4 frilled lizards
  12 kobolds
  A rat (D:3)
199 creatures vanquished.

Vanquished Creatures (collateral kills)
  A gnoll (D:4)
  2 jackals (D:3)
3 creatures vanquished.

Vanquished Creatures (others)
  A crimson imp (D:7)
1 creature vanquished.

Grand Total: 203 creatures vanquished

Notes
Turn   | Place    | Note
-------+----------+-------------------------------------------
     0 | Abyss:1  | moldycheese5 the Demonspawn Abyssal Knight began the quest
                  | for the Orb.
     0 | Abyss:1  | Reached XP level 1. HP: 18/18 MP: 2/2
     0 | D:1      | Escaped the Abyss
   285 | D:1      | Gained mutation: A weak demonic guardian rushes to your
                  | aid. [demonic ancestry]
   285 | D:1      | Reached XP level 2. HP: 17/24 MP: 3/3
   431 | D:1      | Reached * piety under Lugonu
   770 | D:1      | Reached XP level 3. HP: 24/29 MP: 4/4
   912 | D:1      | Noticed a great orb of eyes
   915 | D:1      | Found a faded altar of an unknown god.
   917 | D:1      | Noticed an eye of devastation
   917 | D:1      | Noticed a golden eye
   917 | D:1      | Noticed a great orb of eyes
   976 | D:1      | Found Baok's Book Boutique.
  2487 | D:2      | Reached skill level 1 in Dodging
  2746 | D:3      | Reached ** piety under Lugonu
  3014 | D:3      | Noticed Natasha
  3022 | D:3      | Killed Natasha
  3023 | D:3      | Reached skill level 1 in Short Blades
  3023 | D:3      | Gained mutation: You have a pair of small horns on your
                  | head. [demonic ancestry]
  3023 | D:3      | Reached XP level 4. HP: 32/35 MP: 5/5
  3301 | D:3      | Found a shimmering blue altar of Sif Muna.
  3306 | D:3      | Noticed Natasha
  3312 | D:3      | Killed Natasha
  3386 | D:3      | Gained mutation: You are partially covered in large bone
                  | plates. (SH +4) [demonic ancestry]
  3386 | D:3      | Reached XP level 5. HP: 41/41 MP: 6/6
  3448 | D:3      | Noticed Natasha
  3457 | D:3      | Killed Natasha
  3779 | D:4      | Gained mutation: You are mostly covered in large bone
                  | plates. (SH +6) [demonic ancestry]
  3779 | D:4      | Reached XP level 6. HP: 42/48 MP: 7/7
  3971 | D:4      | Found a staircase to the Ecumenical Temple.
  3999 | D:4      | Reached skill level 1 in Shields
  4003 | D:4      | Reached skill level 1 in Stealth
  4428 | D:4      | Noticed a water moccasin
  4437 | D:4      | Killed a water moccasin
  4572 | D:4      | Identified the +7 spear "Koomo" {venom, rF+}
  4721 | D:4      | Found a runed translucent door.
  4808 | D:4      | Reached *** piety under Lugonu
  4896 | D:4      | Noticed Crazy Yiuf
  4903 | D:4      | Killed Crazy Yiuf
  4904 | D:4      | Gained mutation: You are completely covered in large bone
                  | plates. (SH +8) [demonic ancestry]
  4904 | D:4      | Reached XP level 7. HP: 49/55 MP: 8/8
  5052 | D:5      | Entered Level 5 of the Dungeon
  5747 | D:5      | Reached skill level 1 in Polearms
  6041 | D:5      | Noticed a two-headed ogre
  6044 | D:5      | Gained mutation: Your demonic aura sometimes causes spilled
                  | blood to erupt in flames. [demonic ancestry]
  6044 | D:5      | Reached XP level 8. HP: 61/61 MP: 9/9
  6059 | D:5      | Killed a two-headed ogre
  6060 | D:5      | Reached skill level 5 in Fighting
  6346 | D:5      | Reached skill level 5 in Armour
  6346 | D:5      | Reached XP level 9. HP: 61/68 MP: 10/10
  6749 | D:6      | Found a shadowy altar of Dithmenos.
  6793 | D:6      | Reached skill level 5 in Polearms
  6904 | D:6      | Found an ornate altar of the Wu Jian Council.
  7056 | D:6      | Reached **** piety under Lugonu
  7708 | D:7      | Found a hide-covered altar of Uskayaw.
  7736 | D:7      | Found Anlefer's Armour Shop.
  8020 | D:7      | Found the +4 robe of Augmentation {Str+4 Int+4 Dex+4}
  8342 | D:7      | Identified the +0 pearl dragon scales of Untold Secrets
                  | {rC+ rN+}
  8603 | D:8      | Reached XP level 10. HP: 74/76 MP: 11/11
  8621 | D:8      | Found a blossoming altar of Fedhas.
  8632 | D:8      | Noticed Psyche
  8636 | D:8      | Cast into level 1 of the Abyss (Psyche)
  8679 | Abyss:1  | Noticed a large abomination
  8690 | D:8      | Escaped the Abyss
  8695 | D:8      | Killed Psyche
  8696 | D:8      | Reached skill level 5 in Shields
  9184 | D:8      | Noticed Joseph
  9185 | D:8      | Found a radiant altar of Vehumet.
  9193 | D:8      | Killed Joseph
  9655 | D:8      | Found a stormy altar of Qazlal.
  9999 | D:9      | Noticed a two-headed ogre
 10005 | D:9      | Killed a two-headed ogre
 10079 | D:9      | Noticed Prince Ribbit
 10086 | D:9      | Killed Prince Ribbit
 10173 | D:9      | Noticed a two-headed ogre
 10178 | D:9      | Killed a two-headed ogre
 10291 | D:9      | Noticed a two-headed ogre
 10298 | D:9      | Killed a two-headed ogre
 10367 | D:9      | Noticed Gastronok
 10385 | D:9      | Killed Gastronok
 10386 | D:9      | Reached XP level 11. HP: 23/83 MP: 13/13
 10387 | D:9      | Corrupted D:9
 10387 | D:9      | Noticed a spatial maelstrom
 10387 | D:9      | Noticed a glowing orange brain
 10387 | D:9      | Noticed a thrashing horror
 10387 | D:9      | Noticed a rakshasa
 10387 | D:9      | Noticed a sixfirhy
 10387 | D:9      | Mangled by a yak

Illustrated notes

Levels and vault maps discovered:
D:1:      minmay_arrival_arboretum_small, layout_loops_ring, serial_shops,
          nicolae_shop_hallway_stairs, hellmonk_ecumenical_altar_watching_god
D:2:      layout_loops_corners, chequers_decorated_corner
D:3:      layout_rooms, nicolae_sif_muna_little_library, amethyst_killhole,
          uniq_natasha
D:4:      layout_loops_ring, minmay_temple_entry_stoned_glass,
          uniq_crazy_yiuf_cottage
D:5:      minmay_chambers_of_threes, layout_basic, serial_curves,
          eino_curves_01, eino_curves_01
D:6:      layout_cave_pods, tso_altar, nicolae_dithmenos_through_a_glass_darkly,
          nicolae_wu_jian_glorious_leap, grunt_decor_mini_mirrors,
          minmay_tree_intersection
D:7:      layout_gridville, mainiacjoe_overflow_boulevard, serial_shops,
          nicolae_inconvenience_store, minmay_liquid_box, minmay_nine_imps
D:8:      layout_basic, mainiacjoe_overflow_surrounded_room, vehumet_statue,
          mainiacjoe_overflow_catwalk, uniq_psyche, uniq_joseph
D:9:      layout_irregular_city, nicolae_overflow_squiral,
          mainiacjoe_overflow_chevrons, serial_undead, serial_undead_b,
          serial_undead_c, serial_undead_a, serial_undead_c,
          uniq_prince_ribbit1, uniq_gastronok

Skill      XL: |  1  2  3  4  5  6  7  8  9 10 |
---------------+-------------------------------+-----
Long Blades    | 2 |  2.4
Armour         | 2 3 4 5 6 8 |  8.0
Dodging        | 1 2 3 4 |  4.8
Short Blades   | 1 2 3 |  3.9
Fighting       | 4 5 6 |  6.7
Shields        | 1 2 3 4 6 |  6.3
Stealth        | 1 2 |  2.3
Polearms       | 2 4 6 8 |  8.3
Invocations    | |  2.7

Action                   |  1- 3 |  4- 6 |  7- 9 | 10-12 || total
-------------------------+-------+-------+-------+-------++-------
Melee: Falchion          |    95 |       |       |       ||    95
       Short sword       |    73 |   115 |       |       ||   188
       Headbutt          |       |    17 |    40 |    28 ||    85
       Spear             |       |     7 |   206 |   129 ||   342
Invok: Depart the Abyss  |     1 |       |       |     1 ||     2
       Corrupt           |       |       |       |     1 ||     1
  Use: Potion            |       |     1 |       |       ||     1
       Scroll            |       |       |     4 |       ||     4
 Stab: Sleeping          |     4 |       |       |       ||     4
       Distracted        |       |       |       |     1 ||     1
Armor: Leather armour    |    47 |       |       |       ||    47
       Scale mail        |     1 |    35 |    28 |       ||    64
       Skin              |       |    26 |       |       ||    26
       Robe              |       |       |     4 |       ||     4
       Pearl dragon scal |       |       |       |    27 ||    27
Dodge: Dodged            |   128 |    44 |    46 |    45 ||   263
Block: Buckler           |    22 |    55 |    97 |    64 ||   238
